 Dungeon Crawl Stone Soup version 0.27-a0-594-g2aaa8dbbc2 (webtiles) character file.

Game seed: 2082056609967244411

310 Bapho the Slasher (level 6, -4/38 HPs)
             Began as a Tengu Monk on Mar 11, 2021.
             Killed from afar by Dowan (6 damage)
             ... with a puff of frost
             ... on level 4 of the Dungeon.
             The game lasted 00:07:34 (4666 turns).

Bapho the Slasher (Tengu Monk)                      Turns: 4666, Time: 00:07:35

Health: -4/38      AC:  5    Str: 11    XL:     6   Next: 41%
Magic:  7/7        EV: 12    Int: 17    God:
Gold:   169        SH:  0    Dex: 18    Spells: 5/5 levels left

rFire    . . .     SeeInvis .   a - +0 falchion
rCold    . . .     Faith    .   (no shield)
rNeg     . . .     Spirit   .   j - +0 ring mail
rPois    .         Reflect  .   (helmet restricted)
rElec    .         Harm     .   (no cloak)
rCorr    +         Rampage  .   (no gloves)
Will     .....                  (boots unavailable)
Stlth    ++........             o - amulet of the acrobat
HPRegen  0.12/turn              h - +6 ring of intelligence
MPRegen  0.10/turn              p - ring of resist corrosion

@: hasted, very quick
A: beak, talons 3, able to fly
a: Fly


You were on level 4 of the Dungeon.
You visited 1 branch of the dungeon, and saw 4 of its levels.

You collected 169 gold pieces.

Inventory:

Hand Weapons
 a - a +0 falchion (weapon)
Missiles
 c - 33 stones (quivered)
 s - 5 poisoned darts
Armour
 b - a +0 robe
 j - a +0 ring mail (worn)
Jewellery
 g - an amulet of faith
 h - a +6 ring of intelligence (right hand)
 o - an amulet of the acrobat (around neck)
 p - a ring of resist corrosion (left hand)
Scrolls
 e - 3 scrolls of teleportation
 f - a scroll of amnesia {unknown}
 i - a scroll of magic mapping
 k - 3 scrolls of enchant armour {unknown}
 n - a scroll of enchant weapon {unknown}
 t - a scroll of fog {unknown}
 u - a scroll of random uselessness {unknown}
 v - a scroll of immolation {unknown}
Potions
 l - a potion of heal wounds
 m - a potion of haste
 q - a potion of curing
 r - a potion of attraction


   Skills:
 + Level 4.3 Fighting
 * Level 5.9 Long Blades
 + Level 4.7 Dodging
 - Level 2.0 Stealth


You had 5 spell levels left.
You didn't know any spells.
Your spell library was empty.

Dungeon Overview and Level Annotations

Branches:
Dungeon (4/15)
 Temple: D:4-7

Altars:
Fedhas

Annotations:
D:4 Dowan, Duvessa


Innate Abilities, Weirdness & Mutations

You have a beak for a mouth.
You have claws for feet.
You can fly continuously.


Message History

You hit Duvessa but do no damage. You claw Duvessa, but do no damage.
You peck Duvessa.
Duvessa is moderately wounded.
Duvessa hits you but does no damage.
You hit Duvessa but do no damage.
Duvessa is moderately wounded.
Dowan gestures wildly while chanting.
Dowan blinks!
Duvessa barely misses you.
You riposte.
You hit Duvessa but do no damage. Your kick misses Duvessa.
Duvessa is moderately wounded.
You hit Duvessa but do no damage. You peck Duvessa, but do no damage.
Duvessa is moderately wounded.
You hit Duvessa. You peck Duvessa, but do no damage.
Duvessa is heavily wounded.
Duvessa hits you with a +0 rapier!
You hit Duvessa. Your peck misses Duvessa.
Duvessa is heavily wounded.
Duvessa closely misses you.
You hit Duvessa but do no damage. Your peck misses Duvessa.
Duvessa is heavily wounded.
You hit Duvessa but do no damage. You claw Duvessa, but do no damage.
Duvessa is heavily wounded.
Duvessa hits you with a +0 rapier.
You hit Duvessa but do no damage.
Duvessa is heavily wounded.
Dowan casts a spell at you. The puff of flame hits you.
* * * LOW HITPOINT WARNING * * *
You hit Duvessa but do no damage. You peck Duvessa, but do no damage.
Duvessa is heavily wounded.
Duvessa closely misses you.
You riposte.
You closely miss Duvessa. You claw Duvessa, but do no damage.
Duvessa is heavily wounded.
You hit Duvessa. Your peck misses Duvessa.
Duvessa is heavily wounded.
Duvessa hits you with a +0 rapier.
* * * LOW HITPOINT WARNING * * *
Dowan casts a spell at you. The puff of frost hits you.
You die...

####.........
#.....#######
# #.e...#
...#.+##.#####
#.......# #
#.####)##
#...####.##
#......e÷.####
...#####.@e..#
##.##.#######
#...........
####.#######
#.# #.# #.#
#.# #.#


You could see Duvessa and Dowan.

Vanquished Creatures
  A hound (D:3)
  2 orc wizards (D:3)
  4 gnolls (D:3)
  6 adders
  2 oozes (D:3)
  A worm (D:3)
  4 dart slugs
  12 orcs
  4 giant cockroaches
  8 goblins
  8 hobgoblins
  18 jackals
  9 kobolds
  A quokka (D:2)
  10 bats
  4 frilled lizards
  12 rats
106 creatures vanquished.

Notes
Turn   | Place    | Note
-------+----------+-------------------------------------------
     0 | D:1      | Bapho the Tengu Monk began the quest for the Orb.
     0 | D:1      | Reached XP level 1. HP: 14/14 MP: 2/2
   424 | D:1      | Reached XP level 2. HP: 19/19 MP: 3/3
   599 | D:1      | Reached skill level 4 in Long Blades
   599 | D:1      | Reached XP level 3. HP: 22/23 MP: 4/4
  1528 | D:2      | Reached XP level 4. HP: 28/28 MP: 5/5
  1970 | D:2      | Found a blossoming altar of Fedhas.
  2103 | D:2      | Gained mutation: You can fly continuously. [Tengu growth]
  2103 | D:2      | Reached XP level 5. HP: 29/33 MP: 6/6
  2489 | D:3      | Reached skill level 5 in Long Blades
  3444 | D:3      | Reached XP level 6. HP: 17/38 MP: 7/7
  4476 | D:4      | Noticed Duvessa
  4476 | D:4      | Noticed Dowan
  4666 | D:4      | Killed from afar by Dowan

Illustrated notes

Levels and vault maps discovered:
D:1:      dpeg_arrival_rhombi, layout_basic,
          hangedman_abyss_or_decor_lesser_grid, minmay_hexomino_c4
D:2:      layout_basic, fedhas_altar_fruit_tree
D:3:      layout_loops_corners
D:4:      layout_loops_ring, nzn_wu_jian_council_hall, zin_academy,
          evilmike_ruin_ashenzari, serial_shops, nicolae_shop_waterfront,
          minmay_misc_feat_square, uniq_duvessa, uniq_blork_the_orc

Skill      XL: |  1  2  3  4  5 |
---------------+----------------+-----
Long Blades    | 4 5 |  5.9
Dodging        | 4 |  4.7
Fighting       | 4 |  4.3
Stealth        | |  2.0

Action                   |  1- 3 |  4- 6 || total
-------------------------+-------+-------++-------
Melee: Falchion          |    67 |   170 ||   237
       Kick              |    20 |    54 ||    74
       Peck              |    11 |    33 ||    44
Throw: Stone             |    70 |   119 ||   189
  Use: Scroll            |       |     6 ||     6
       Potion            |       |     1 ||     1
Armor: Robe              |     7 |       ||     7
       Ring mail         |    18 |    52 ||    70
Dodge: Dodged            |    31 |   121 ||   152
       Rpst.: Falchion   |     9 |    38 ||    47

Table legend: (Time is in decaauts)
 A = Elapsed time spent in this place.
 B = Non-inter-level travel time spent in this place.
 C = Inter-level travel time spent in this place.
 D = Time resting spent in this place.
 E = Time spent auto-exploring this place.
 F = Levels seen in this place.
 G = Mean time per level.
                   A        B        C        D        E       F      G
               +--------+--------+--------+--------+--------+-----+--------+
         Total |   4694 |   4635 |     59 |    936 |   2988 |   4 | 1173.5 |
       Dungeon |   4694 |   4635 |     59 |    936 |   2988 |   4 | 1173.5 |
               +--------+--------+--------+--------+--------+-----+--------+

Top non-repeatable levels by time:
     D:3: 2158 daAuts
     D:1: 1531 daAuts
     D:2: 915 daAuts
     D:4: 88 daAuts
